 Dungeon Crawl Stone Soup version 0.31-a0-1008-g5b978da (webtiles) character file.

Game seed: 2511824268114792673

600725 2sma the Merfolkian Blade (level 27, -6/205 HPs)
             Began as a Merfolk Gladiator on Nov 12, 2023.
             Was a High Priest of Cheibriados.
             Mangled by a tentacled starspawn (15 damage)
             ... while paralysed by accursed screaming
             ... on level 7 of the Abyss.
             The game lasted 04:32:31 (41580 turns).

2sma the Merfolkian Blade (Merfolk Gladiator)      Turns: 41580, Time: 04:32:32

Health: -6/205     AC: 21    Str: 34    XL:     27
Magic:  5/24       EV:  2    Int: 35    God:    Cheibriados [*****.]
Gold:   3549       SH:  0    Dex: 24    Spells: 22/54 levels left

rFire   + + +        Q - +7 triple sword (flame)
rCold   . . .        (shield currently unavailable)
rNeg    + . .        Y - +4 plate armour of Love and Death {rPois rF++ rC+ Dex-2 Slay+2}
rPois   +            c - +0 helmet of Vunwy {rElec rPois MP-9 Stlth+}
rElec   +            l - scarf {rC+ rF+}
rCorr   .            t - +1 pair of gloves of Cocytus {Will+ Int+2}
SInv    .            f - +1 pair of boots {Fly}
Will    ++++.        F - amulet of regeneration
Stlth   +            e - ring of Bupniuwk {rN+ Int+3}
HPRegen 0.00/turn    Z - ring of Leaves {Will+ Int+6}
MPRegen 0.19/turn

%: random rage (9%)
@: paralysed, sick, flying, inhibited regen, studying Invocations, silenced,
invisible, very slow
A: (nimble swimmer 2), mertail, berserk 2, deformed body, frail 1, low MP 2,
inhibited regeneration, strong 2, clumsy 1[+1], [deterioration 2], [dopey 2],
[screaming 2], [weak 1], [no potion heal 2], [cold vulnerability 2], [subdued
magic 2], inability to drink after injury 1[+1]
}: 4/15 runes: decaying, slimy, silver, gossamer
a: Renounce Religion


You were on level 7 of the Abyss.
You worshipped Cheibriados.
Cheibriados was extremely pleased with you.
You visited 11 branches of the dungeon, and saw 53 of its levels.
You visited the Abyss 3 times.
You also visited: Trove, Ossuary, Bailey and Wizlab.

You collected 6551 gold pieces.
You spent 3002 gold pieces at shops.

Inventory:

Hand Weapons
 Q - a +7 triple sword of flaming (weapon)
Missiles
 d - 6 throwing nets (quivered) {!f}
 L - 13 curare-tipped darts
 O - 5 silver javelins
Armour
 c - the +0 helmet of Vunwy (worn) {rElec rPois MP-9 Stlth+}
   (You found it on level 4 of the Swamp)

   rElec:     It insulates you from electricity.
   rPois:     It protects you from poison MP-9: It affects your magic capacity
   (-9).
   Stlth+:    It makes you more stealthy.
 f - a +1 pair of boots of flying (worn)
 l - a scarf of resistance (worn)
 t - the +1 pair of gloves of Cocytus (worn) {Will+ Int+2}
   (You acquired it on level 2 of the Lair of Beasts)

   Int+2:     It affects your intelligence (+2).
   Will+:     It increases your willpower.
 U - the +1 faerie dragon scales {rPois rCorr Int+5}
   (You took it off the Enchantress on level 2 of the Depths)

   Int+5:     It affects your intelligence (+5).
   rPois:     It protects you from poison rCorr: It protects you from acid and
   corrosion.
 Y - the +4 plate armour of Love and Death (worn) {rPois rF++ rC+ Dex-2 Slay+2}
   (You found it in a wizard's laboratory)

   Dex-2:     It affects your dexterity (-2).
   Slay+2:    It affects your accuracy & damage with ranged weapons and melee
   (+2).
   rF++:      It greatly protects you from fire.
   rC+:       It protects you from cold.
   rPois:     It protects you from poison
Jewellery
 e - the ring of Bupniuwk (left hand) {rN+ Int+3}
   (You found it in a treasure trove)

   [ring of positive energy]

   Int+3:     It affects your intelligence (+3).
   rN+:       It protects you from negative energy.
 x - the amulet "Goig" {RegenMP Str+3}
   (You found it in a treasure trove)

   [amulet of magic regeneration]

   RegenMP:   It increases your rate of magic regeneration.
   Str+3:     It affects your strength (+3).
 F - an amulet of regeneration (around neck)
 R - a ring of see invisible
 Z - the ring of Leaves (right hand) {Will+ Int+6}
   (You found it on level 3 of the Depths)

   [ring of intelligence]

   Int+6:     It affects your intelligence (+6).
   Will+:     It increases your willpower.
Talismans
 J - a granite talisman
Wands
 j - a wand of digging (18)
 m - a wand of mindburst (37)
 v - a wand of roots (63)
 V - a wand of quicksilver (21)
Scrolls
 g - 5 scrolls of immolation
 s - 3 scrolls of fog
 w - 9 scrolls of poison
 y - 5 scrolls of torment
 A - 6 scrolls of fear
 B - 6 scrolls of vulnerability
 C - 2 scrolls of enchant armour
 D - 6 scrolls of amnesia
 E - 36 scrolls of identify
 G - 3 scrolls of silence
 T - a scroll of summoning
 W - 5 scrolls of teleportation
 X - 8 scrolls of revelation
Potions
 h - 13 potions of brilliance
 i - 2 potions of curing
 k - 2 potions of mutation
 o - 6 potions of attraction
 r - 2 potions of cancellation
 u - 2 potions of might
 H - 8 potions of lignification
 I - 6 potions of enlightenment
 M - 2 potions of invisibility
 N - 7 potions of resistance
 P - 7 potions of ambrosia
Miscellaneous
 a - a tin of tremorstones (inert)
 n - a sack of spiders (inert)


   Skills:
 - Level 21.0 Fighting
 + Level 24.4 Long Blades
 - Level 2.0 Throwing
 - Level 11.9 Armour
 - Level 22.5 Dodging
 - Level 7.0 Stealth
 - Level 14.4 Spellcasting
 - Level 9.0 Conjurations
 - Level 9.0 Translocations
 - Level 5.0 Transmutations
 - Level 12.3 Ice Magic
 - Level 7.0 Air Magic
 - Level 8.0 Poison Magic
 - Level 13.0 Invocations
 - Level 10.0 Evocations
 - Level 16.0 Shapeshifting


You had 22 spell levels left.
You knew the following spells:

 Your Spells              Type           Power      Damage    Failure   Level
d - Freezing Cloud        Conj/Ice/Air   27%        6-21      2%          5
i - Olgreb's Toxic Radia  Pois           50%        N/A       1%          4
n - Passage of Golubria   Tloc           53%        N/A       1%          4
v - Blink                 Tloc           100%       N/A       1%          2
U - Polar Vortex          Ice            31%        12d4*     100%        9
X - Irradiate             Conj/Tmut      23%        3d19      9%          5
Z - Frozen Ramparts       Ice            100%       1d16      1%          3

Your spell library contained the following spells:

 Spells                   Type           Power      Damage    Failure   Level
 Freeze                   Ice            100%       1d10      0%          1
 Apportation              Tloc           100%       N/A       1%          1
 Magic Dart               Conj           100%       1d8       1%          1
 Shock                    Conj/Air       100%       1d9       1%          1
 Ensorcelled Hibernation  Hex/Ice        84%        N/A       1%          2
 Lesser Beckoning         Tloc           100%       N/A       1%          2
 Momentum Strike          Conj/Tloc      100%       3d10      1%          2
 Poisonous Vapours        Pois/Air       96%        N/A       1%          2
 Static Discharge         Conj/Air       100%       3-8/arc   1%          2
 Dazzling Flash           Conj/Hex       70%        N/A       1%          3
 Gell's Gravitas          Tloc           53%        N/A       1%          3
 Hailstorm                Conj/Ice       58%        3d13      1%          3
 Mephitic Cloud           Conj/Pois/Air  50%        N/A       1%          3
 Swiftness                Air            46%        N/A       1%          3
 Teleport Other           Tloc           53%        N/A       1%          3
 Volatile Blastmotes      Fire/Tloc      70%        2d15      1%          3
 Iskenderun's Mystic Bla  Conj/Tloc      53%        2d11      1%          4
 Manifold Assault         Tloc           53%        N/A       1%          4
 Vhi's Electric Charge    Tloc/Air       100%       N/A       1%          4
 Passwall                 Tmut/Erth      21%        N/A       2%          2
 Airstrike                Air            23%        2d(4-20)  2%          4
 Summon Ice Beast         Ice/Summ       42%        N/A       3%          4
 Iskenderun's Battlesphe  Conj           53%        2d10      3%          5
 Necrotise                Necr           60%        1d7       5%          1
 Sandblast                Erth           30%        2d9       5%          1
 Summon Small Mammal      Summ           60%        N/A       5%          1
 Arcjolt                  Conj/Air       25%        1d35      5%          5
 Call Imp                 Summ           30%        N/A       8%          2
 Jinxbite                 Hex            30%        N/A       8%          2
 Sublimation of Blood     Necr           15%        N/A       8%          2
 Dimensional Bullseye     Hex/Tloc       17%        N/A       9%          4
 Flame Wave               Conj/Fire      35%        2d10      9%          4
 Fulminant Prism          Conj/Hex       17%        3d10      9%          4
 Sticky Flame             Conj/Fire      35%        2d5       9%          4
 Summon Lightning Spire   Summ/Air       31%        N/A       13%         4
 Metabolic Englaciation   Hex/Ice        21%        N/A       13%         5
 Tukima's Dance           Hex            15%        N/A       17%         3
 Vampiric Draining        Necr           15%        2d7       17%         3
 Petrify                  Tmut/Erth      26%        N/A       21%         4
 Dispersal                Tloc           26%        N/A       22%         6
 Ozocubu's Refrigeration  Ice            31%        4d14      32%         7
 Anguish                  Hex/Necr       7%         N/A       54%         4
 Animate Armour           Summ/Erth      30%        N/A       54%         4
 Leda's Liquefaction      Hex/Erth       7%         N/A       54%         4
 Simulacrum               Ice/Necr       21%        N/A       61%         6
 Bombard                  Conj/Erth      17%        9d4       85%         6
 Starburst                Conj/Fire      17%        6d6       85%         6
 Agony                    Necr           15%        N/A       88%         5
 Lee's Rapid Deconstruct  Erth           7%         3d7*      88%         5
 Summon Mana Viper        Hex/Summ       15%        N/A       88%         5
 Summon Cactus Giant      Summ           7%         N/A       100%        6
 Monstrous Menagerie      Summ           7%         N/A       100%        7
 Spellforged Servitor     Conj/Summ      17%        N/A       100%        7
 Discord                  Hex            7%         N/A       100%        8
 Ignition                 Fire           7%         3d5       100%        8
 Maxwell's Capacitive Co  Air            23%        ∞         100%        8
 Summon Horrible Things   Summ           7%         N/A       100%        8
 Chain Lightning          Conj/Air       25%        3d33      100%        9


Dungeon Overview and Level Annotations

Branches:
Dungeon (15/15)            Temple (1/1) D:4            Lair (5/5) D:11
  Swamp (4/4) Lair:3       Spider (4/4) Lair:3        Slime (5/5) Lair:5
    Orc (2/2) D:9             Elf (3/3) Orc:2        Vaults (5/5) D:13
  Crypt (0/3) Vaults:3     Depths (4/4) D:15            Zot (5/5) Depths:4
Ossuary (visited)          Bailey (visited)          WizLab (visited)

Altars:
Ashenzari
Cheibriados
Dithmenos
Elyvilon
Fedhas
Gozag
Hepliaklqana
Kikubaaqudgha
Makhleb
Nemelex Xobeh
Okawaru
Qazlal
Ru
Sif Muna
Trog
Uskayaw
Vehumet
Wu Jian
Xom
Yredelemnul
Zin
The Shining One
Jiyva
Lugonu

Shops:
D:12 *   D:13 :   Orc:2 [:((   Elf:1 (   Elf:3 *:   Depths:1 ?*[
Depths:2 [=:=

Portals:
Hell: Depths:1 Depths:2 Depths:3 Depths:4
Abyss: Depths:2
Pandemonium: Depths:2 Depths:3
Ziggurat: Depths:3

Annotations:
D:3 3 runed translucent doors, uhhuh's ghost, weakling DsGl
D:6 3 runed translucent doors, Partyfoot's ghost, novice DrCj; PurpleRed's ghost, amateur DEBr; cowcow's ghost, novice DsNe; ooops's ghost, novice OpCj; poml's ghost, novice TrSh
D:15 1 runed translucent door, Yjerus's ghost, adept MiAK
Lair:1 exclusion: 3 oklob plants
Lair:3 1 transporter
Elf:1 6 runed translucent doors


Innate Abilities, Weirdness & Mutations

((You are very nimble when in or above water. (Stealth+, EV+, Speed+++)))
Your lower body shifts to a powerful aquatic tail in water.
You have an uncontrollable temper.
Armour fits poorly on your strangely shaped body.
You are frail. (-10% HP)
Your magical capacity is very low. (-20% MP)
You do not regenerate when monsters are visible.
Your muscles are very strong. (Str +8, Int/Dex -2)
[You are very clumsy. (Dex -4)]
[Your body often deteriorates upon taking damage.]
[You are very dopey. (Int -4)]
[You frequently scream uncontrollably at your foes.]
[You are weak. (Str -2)]
[Potions cannot restore your health.]
[You are very vulnerable to cold. (rC--)]
[Your spells are easier to cast, but less powerful.]
[You sometimes lose the ability to drink potions when taking damage.]


Message History

The starcursed mass is engulfed in freezing vapours.
The starcursed mass barely misses you.
The starcursed mass shudders and is absorbed by its neighbour.
The neqoxec gestures at you.
Strange energies course through your body.
Your regeneration stops near monsters.
The large abomination is engulfed in freezing vapours.
The golden eye blinks at you.
The golden eye is engulfed in freezing vapours.
The golden eye blinks!
The golden eye is engulfed in freezing vapours.
You kill the golden eye!
Cheibriados appreciates the change of pace.
You take 8 damage, and have 15/205 hp.
Blink to where?
Press: ? - help, Dir - move target A golden eye comes into view.
Found five runelights.
As you read the scroll of blinking, it crumbles to dust.
The golden eye turns its gaze towards you.
The golden eye blinks at you.
Found a runelight.
There is a runelight here.
An ettin comes into view.
It is wielding a +0 giant club of distortion and a +0 giant spiked club of chaos.
Found two runelights.
The golden eye blinks at you.
There is a runelight here.
You closely miss the golden eye. The golden eye blinks at you.
You slice the golden eye!! You burn the golden eye.
You kill the golden eye!
Cheibriados appreciates the change of pace.
A tentacled starspawn comes into view.
The golden eye blinks! 3 thrashing horrors come into view.
There is a runelight here.
You slice the golden eye!! You burn the golden eye.
You kill the golden eye!
Cheibriados appreciates the change of pace.
The wretched star glows turbulently.
The lance of force hits you.
* * * LOW HITPOINT WARNING * * *
x2 You take 8 damage, and have 7/205 hp.
An ancient zyme comes into view.
A thrashing horror comes into view.
A chorus of shrieks assaults your mind.
* * * LOW HITPOINT WARNING * * *
The wretched star pulses with an eldritch light!
You feel stupid. x2; You feel vulnerable to cold. x2
A starcursed mass splits.
There is a runelight here.
You take 6 damage, and have 1/205 hp.
Magic scrolls do not work when you're silenced!
You feel better.
You regained 11 hp, and now have 12/205 hp.
You feel better.
The wretched star pulses with an eldritch light!
You feel clumsy.
You regained 5 hp, and now have 17/205 hp.
You slash the starcursed mass! You burn the starcursed mass.
You destroy the starcursed mass!
Cheibriados appreciates the change of pace.
A deafening chorus of shrieks assaults your mind!
* * * LOW HITPOINT WARNING * * *
You take 11 damage, and have 6/205 hp.
You feel better.
The wretched star pulses with an eldritch light!
You lose the ability to drink potions when taking damage more often.
You feel the urge to shout.
You feel a strong urge to scream.
A starcursed mass splits.
A deafening chorus of shrieks assaults your mind!
* * * LOW HITPOINT WARNING * * *
You suddenly lose the ability to move!
You can move again.
You regained 5 hp, and now have 11/205 hp.
You feel better.
The starcursed mass touches you but does no damage.
A starcursed mass splits.
The wretched star pulses with an eldritch light!
Your connection to magic feels subdued.
Your connection to magic feels more subdued.
Your system partially rejects the healing effects of potions.
Your system completely rejects the healing effects of potions.
You regained 9 hp, and now have 20/205 hp.
Okay, then.
Unknown command.
Magic scrolls do not work when you're silenced!
The tentacled starspawn completely misses you.
The tentacled starspawn closely misses you.
A deafening chorus of shrieks assaults your mind!
* * * LOW HITPOINT WARNING * * *
You suddenly lose the ability to move!
A large abomination comes into view.
The starcursed mass touches you.
* * * LOW HITPOINT WARNING * * *
The smoke demon gestures at the starcursed mass.
The sticky flame hits the starcursed mass.
The starcursed mass is covered in liquid flames!
The starcursed mass shudders and withdraws towards its neighbour. x4
The tentacled starspawn bites you!
You die...

# # # .#.# # #.
##..###.# # #.#
....#.§X ..#++# #X#
#.X..#..X......#
#.X#.###..#..
.....#
##@##*X.#.##. ..G.
#⌠⌠X3XXXX.#.#GX...#
...⌠⌠~.###X##XX#...
X.# #..⌠### ##C#
.⌠.#X.. # .##
#~##⌠.X...X# ##.#
##..##.# ##⌠...## .
φ #⌠..## #⌠..


You could see 7 starcursed masses, 2 tentacled starspawn, an ettin (unable to
see you), 2 large abominations and a smoke demon (unsilenced, unable to see
you).

Vanquished Creatures
  the Royal Jelly (Slime:5)
  Tiamat (Zot:2)
  3 dread liches
  3 orbs of fire
  Mara (Vaults:4)
  Sojobo (Vaults:4)
  A Killer Klown (Zot:3)
  the Lernaean hydra (Swamp:4)
  Saint Roka (Vaults:2)
  Xtahua (Vaults:4)
  2 curse toes
  9 golden dragons
  the Enchantress (Depths:2)
  Arachne (Spider:2)
  A profane servitor (Abyss:2)
  3 bone dragons
  2 electric golems
  3 doom hounds (Depths:2)
  17 tentacled monstrosities
  A hellephant (Abyss:6)
  Jorgrun (D:9)
  Grunn (Depths:2)
  A Hell Sentinel (Abyss:5)
  7 liches
  Mlioglotl (Spider:2)
  3 deep elf blademasters
  2 walking divine tomes (Depths:3)
  4 titans
  8 quicksilver dragons
  2 sphinxes (Vaults:4)
  3 deep elf master archers (Elf:3)
  11 tentacled starspawn
  8 death cobs
  14 acid blobs
  13 storm dragons
  7 tengu reavers
  9 shadow dragons
  2 thorn hunters
  Agnes (D:14)
  Aizul (Spider:1)
  4 draconian monks
  13 azure jellies
  10 rockslimes
  9 frost giants
  A draconian scorcher (Zot:3)
  3 deep elf elementalists (Elf:3)
  4 iron dragons
  9 fire giants
  9 deep elf sorcerers
  A draconian knight (Zot:4)
  4 emperor scorpions
  15 vault wardens
  A balrug (Abyss:6)
  3 draconian shifters
  8 ghost moths
  2 cacodemons
  5 draconian annihilators
  3 draconian stormcallers
  5 spriggan defenders
  18 ironbound preservers
  A caustic shrike zombie (WizLab)
  14 quicksilver oozes
  4 war gargoyles
  An ophan (Abyss:6)
  A reaper (Depths:2)
  2 broodmothers
  3 formless jellyfish
  3 vampire knights
  39 very ugly things
  13 green draconians
  14 stone giants
  4 ironbound thunderhulks
  12 black draconians
  10 deep elf annihilators
  7 deep elf demonologists
  4 bunyips
  5 eleionomae
  6 purple draconians
  7 dire elephants
  12 spark wasps
  9 red draconians
  14 white draconians
  7 yellow draconians
  9 ettins
  A blizzard demon (Abyss:5)
  6 fire dragons
  2 mummy priests (WizLab)
  A green death (Depths:2)
  4 crystal guardians
  Josephine (D:14)
  5 deep elf death magi
  10 yaktaur captains
  8 deep elf high priests
  2 entropy weavers
  3 peacekeepers
  6 ice dragons
  29 vault guards
  3 rakshasas
  A jorogumo (shapeshifter) (Vaults:4)
  11 great orbs of eyes
  2 ogre magi
  7 ironbound frosthearts
  A spriggan skeleton (Abyss:2)
  2 catoblepae
  2 ghost crabs
  17 hydras
  A jorogumo (Spider:4)
  10 centaur warriors
  12 alligators
  8 spriggan air magi
  4 boulder beetles
  29 dancing weapons
  4 death knights
  6 deep troll earth magi
  2 two-headed ogres (D:13)
  A titan zombie (WizLab)
  6 tengu warriors
  2 vampire magi
  4 orc high priests (Orc:2)
  8 death yaks
  5 deep troll shamans
  An occultist (Depths:3)
  15 demonic crawlers
  5 spriggan berserkers
  15 thrashing horrors
  A sun demon (Abyss:2)
  4 hell knights
  A storm dragon zombie (Depths:3)
  7 wretched stars
  Nergalle (D:12)
  6 pharaoh ants
  3 iron trolls
  A titan skeleton (Vaults:3)
  18 deep elf knights
  2 skysharks (Lair:5)
  2 sixfirhies
  2 skeletal warriors
  A sun moth (Spider:4)
  2 shadow wraiths
  5 goliath frogs
  2 salamander mystics
  2 elf simulacra (Elf:3)
  31 deep trolls
  2 spriggan druids
  2 spark wasp zombies (WizLab)
  4 spatial maelstroms
  3 glowing orange brains
  11 swamp dragons
  5 orb spiders
  3 flayed ghosts
  12 bog bodies
  11 lindwurms
  5 arcanists
  6 phantasmal warriors
  12 deep elf archers
  12 ironbound convokers
  2 steelbarb worms
  Pikel (D:4)
  25 deep elf pyromancers
  8 harpies
  42 ugly things
  3 orc knights
  A sphinx simulacrum (Depths:3)
  7 necromancers
  5 orc sorcerers
  An iron dragon zombie (WizLab)
  26 deep elf zephyrmancers
  A will-o-the-wisp (Swamp:4)
  27 wolf spiders
  4 worldbinders
  A shining eye (Slime:5)
  20 moths of wrath
  5 cyclopes
  33 large abominations
  5 salamanders
  A stone giant skeleton (Vaults:3)
  A guardian serpent (Abyss:2)
  6 elephants (Lair:3)
  3 human skeletons (Vaults:2)
  19 vault sentinels
  5 eyes of devastation
  2 apocalypse crabs (Abyss:6)
  4 black mambas
  An elf zombie (Vaults:2)
  4 rime drakes
  5 torpor snails
  A hellion (Abyss:5)
  A gargoyle (D:13)
  17 cane toads
  8 smoke demons
  13 komodo dragons
  3 efreet
  31 yaktaurs
  An unseen horror (D:12)
  7 ancient zymes
  4 freezing wraiths
  4 spriggan zombies
  3 tengu conjurers
  3 tormentors (Abyss:6)
  A komodo dragon (shapeshifter) (Depths:3)
  4 guardian mummies
  3 trolls
  4 meliai
  4 polar bears (Lair:5)
  3 hellwings (Abyss:5)
  A tarantella (shapeshifter) (Vaults:5)
  13 hornets
  Grinder (D:6)
  44 tarantellas
  6 tyrant leeches
  5 glass eyes
  A blink frog (shapeshifter) (Elf:1)
  7 dream sheep
  An ettin zombie (WizLab)
  17 raiju (Abyss:6)
  A centaur simulacrum (D:13)
  98 slime creatures
  3 shadows
  26 jumping spiders
  Sigmund (D:4)
  A flying skull (Abyss:5)
  4 water elementals
  3 air elementals
  A vampire (D:10)
  26 culicivoras
  4 ynoxinuls
  23 spriggans
  2 wyverns
  9 wraiths
  34 yaks
  3 fire elementals
  5 basilisks
  6 golden eyes
  62 redbacks
  A spatial vortex (Abyss:6)
  4 neqoxecs (Abyss:6)
  A steam dragon (D:7)
  3 chaos spawn
  A redback (shapeshifter) (Elf:1)
  8 swamp worms
  Menkaure (D:4)
  15 vampire mosquitoes
  4 wargs
  2 glowing shapeshifter zombies
  5 hell hounds (Abyss:4)
  17 water moccasins
  7 black bears
  23 orc warriors
  2 sky beasts (D:6)
  A sky beast (shapeshifter) (Abyss:2)
  8 swamp drakes
  5 ice beasts
  An ettin simulacrum (Vaults:3)
  3 boggarts (Lair:5)
  5 ogres
  31 starcursed masses
  26 wolves
  11 centaurs
  3 kobold brigands
  3 human zombies
  6 bullfrogs
  2 gnoll sergeants
  34 scorpions
  6 earth elementals
  9 wights
  3 killer bees (D:8)
  10 electric eels
  3 howler monkeys
  A quasit (Abyss:2)
  2 jellies
  2 hounds
  25 orc priests
  3 iron imps (Abyss:2)
  2 gnoll boudas (D:5)
  4 iguanas
  35 orc wizards
  A sleepcap (D:5)
  7 hell rats (Lair:2)
  14 small abominations
  4 mummies (Ossuary)
  26 gnolls
  8 adders
  A shadow imp (Abyss:2)
  2 white imps
  3 ufetubi
  2 worms
  A dart slug (D:2)
  110 orcs
  7 ball pythons
  4 endoplasms
  4 giant cockroaches
  15 goblins
  2 hobgoblins (D:1)
  9 jackals
  A quokka (D:3)
  7 bats
  A frilled lizard (D:1)
  2 gnoll skeletons (Ossuary)
  3 gnoll zombies (Ossuary)
  6 goblin skeletons (Ossuary)
  8 goblin zombies (Ossuary)
  7 hobgoblin skeletons (Ossuary)
  6 hobgoblin zombies (Ossuary)
  15 kobolds
  5 kobold skeletons (Ossuary)
  3 orc skeletons (Ossuary)
  3 orc zombies (Ossuary)
  3 rats
  2 rat skeletons (Ossuary)
  5 rat zombies (Ossuary)
  A lurking horror (Abyss:6)
  7 starspawn tentacles
2356 creatures vanquished.

Vanquished Creatures (collateral kills)
  A wight (D:8)
  2 killer bees (D:8)
  An orc (D:8)
4 creatures vanquished.

Vanquished Creatures (others)
  2 fire giants
  A draconian scorcher (Zot:1)
  2 deep elf knights
  A wretched star (Abyss:6)
  A deep elf pyromancer (Elf:1)
  2 deep elf zephyrmancers
  2 bloated husks (Swamp:3)
  A polar bear (Lair:1)
  A raiju (Abyss:6)
  A slime creature (Slime:3)
  A fire bat (Abyss:6)
  A swamp worm (Swamp:3)
  An orc wizard (Elf:1)
  2 foxfires (Swamp:4)
  2 lurking horrors
  29 starspawn tentacles
50 creatures vanquished.

Grand Total: 2410 creatures vanquished

Notes
Turn   | Place    | Note
-------+----------+-------------------------------------------
     0 | D:1      | 2sma the Merfolk Gladiator began the quest for the Orb.
     0 | D:1      | Reached XP level 1. HP: 16/16 MP: 1/1
    46 | D:1      | Reached skill level 4 in Long Blades
    72 | D:1      | Reached XP level 2. HP: 21/22 MP: 2/2
   318 | D:1      | Reached skill level 5 in Long Blades
   318 | D:1      | Reached XP level 3. HP: 26/26 MP: 3/3
   907 | D:2      | Found Mawip's Assorted Antiques.
  1371 | D:3      | Found a faded altar of an unknown god.
  1390 | D:3      | Reached XP level 4. HP: 31/33 MP: 4/4
  1396 | D:3      | Found a runed translucent gate.
  1397 | D:3      | Found a runed translucent gate.
  1397 | D:3      | Found a runed translucent gate.
  1398 | D:3      | Noticed uhhuh's ghost (weakling DsGl)
  1701 | D:3      | Reached skill level 6 in Long Blades
  1736 | D:3      | Noticed a black bear
  1751 | D:3      | Killed a black bear
  1752 | D:3      | Reached skill level 5 in Dodging
  1752 | D:3      | Reached XP level 5. HP: 13/41 MP: 5/5
  1956 | D:3      | Found a blossoming altar of Fedhas.
  1958 | D:3      | Found a white marble altar of Elyvilon.
  2069 | D:4      | Reached XP level 6. HP: 19/48 MP: 6/6
  2100 | D:4      | Noticed a black bear
  2285 | D:4      | Found a bloodstained altar of Trog.
  2300 | D:4      | Killed a black bear
  2301 | D:4      | Reached skill level 5 in Fighting
  2301 | D:4      | Reached skill level 1 in Stealth
  2317 | D:4      | Noticed a black bear
  2332 | D:4      | Killed a black bear
  2333 | D:4      | Reached XP level 7. HP: 56/57 MP: 7/7
  2371 | D:4      | Noticed Pikel
  2400 | D:4      | Killed Pikel
  2401 | D:4      | Reached XP level 8. HP: 35/68 MP: 8/8
  2461 | D:4      | Found the ring of the Tortoise {AC+8}
  2609 | D:4      | Found a glowing golden altar of the Shining One.
  2687 | D:4      | Noticed Menkaure
  2697 | D:4      | Killed Menkaure
  2801 | D:4      | Found a staircase to the Ecumenical Temple.
  2818 | Temple   | Entered the Ecumenical Temple
  2831 | Temple   | Became a worshipper of Cheibriados the Contemplative
  2862 | D:4      | Noticed Sigmund
  2879 | D:4      | Killed Sigmund
  2880 | D:4      | Reached skill level 7 in Long Blades
  2960 | D:5      | Entered Level 5 of the Dungeon
  3236 | D:5      | Reached skill level 1 in Invocations
  3236 | D:5      | Reached skill level 1 in Evocations
  3376 | D:5      | Found an opulent altar of Gozag.
  3418 | D:5      | Reached * piety under Cheibriados
  3419 | D:5      | Reached XP level 9. HP: 74/74 MP: 10/10
  3549 | D:5      | Learned a level 3 spell: Frozen Ramparts
  3767 | D:6      | Found a runed translucent gate.
  3767 | D:6      | Found a runed translucent gate.
  3772 | D:6      | Noticed Grinder
  3802 | D:6      | Paralysed by Grinder for 4 turns
  3832 | D:6      | Paralysed by Grinder for 5 turns
  3842 | D:6      | Paralysed by Grinder for 4 turns
  3859 | D:6      | Killed Grinder
  3978 | D:6      | Reached skill level 5 in Stealth
  4069 | D:5      | Reached skill level 1 in Ice Magic
  4091 | D:6      | Reached ** piety under Cheibriados
  4198 | D:6      | Found a runed translucent gate.
  4200 | D:6      | Noticed poml's ghost (novice TrSh)
  4200 | D:6      | Noticed PurpleRed's ghost (amateur DEBr)
  4201 | D:6      | Noticed ooops's ghost (novice OpCj)
  4201 | D:6      | Noticed Partyfoot's ghost (novice DrCj)
  4202 | D:6      | Noticed cowcow's ghost (novice DsNe)
  4348 | D:7      | Found an ancient bone altar of Kikubaaqudgha.
  4511 | D:7      | Found a sand-covered staircase.
  4518 | Ossuary  | Entered an ossuary
  4908 | D:7      | Learned a level 4 spell: Olgreb's Toxic Radiance
  5198 | D:8      | Reached XP level 10. HP: 83/83 MP: 13/13
  5216 | D:8      | Reached *** piety under Cheibriados
  5613 | D:8      | Found a flagged portal.
  5621 | Bailey   | Entered a bailey
  5749 | Bailey   | Reached **** piety under Cheibriados
  5877 | Bailey   | Reached skill level 5 in Ice Magic
  6495 | D:9      | Reached skill level 10 in Dodging
  6601 | D:9      | Reached skill level 10 in Fighting
  6683 | D:9      | Reached ***** piety under Cheibriados
  6896 | D:9      | Found a staircase to the Orcish Mines.
  6933 | D:9      | Reached skill level 1 in Spellcasting
  7106 | D:10     | Entered Level 10 of the Dungeon
  7112 | D:10     | Reached XP level 11. HP: 92/92 MP: 14/14
  7180 | D:10     | Reached skill level 8 in Long Blades
  7233 | D:10     | Found a radiant altar of Vehumet.
  7571 | D:11     | Found a staircase to the Lair.
  7573 | D:11     | Noticed a tengu warrior
  7578 | D:11     | Noticed a tengu warrior
  7590 | D:10     | Killed a tengu warrior
  7620 | D:11     | Killed a tengu warrior
  7621 | D:11     | Reached skill level 9 in Long Blades
  7784 | D:11     | Reached ****** piety under Cheibriados
  7811 | D:11     | Reached skill level 1 in Poison Magic
  7812 | D:11     | Reached skill level 10 in Long Blades
  7978 | D:12     | Noticed Nergalle
  7986 | D:12     | Killed Nergalle
  8026 | D:12     | Noticed a cyclops
  8034 | D:12     | Killed a cyclops
  8210 | D:12     | Found Ixie's Neck Hole.
  8217 | D:12     | Bought an amulet of regeneration for 480 gold pieces
  8231 | D:12     | Noticed a cyclops
  8236 | D:12     | Killed a cyclops
  8265 | D:12     | Reached XP level 12. HP: 82/98 MP: 16/16
  8288 | D:12     | Noticed a centaur warrior
  8299 | D:12     | Killed a centaur warrior
  8300 | D:12     | Reached skill level 5 in Poison Magic
  8485 | D:12     | Reached skill level 5 in Invocations
  8529 | D:13     | Found Hetsuw's Tiny Tomes.
  8585 | D:13     | Noticed a catoblepas
  8587 | D:13     | Noticed an ogre mage
  8599 | D:13     | Killed a catoblepas
  8650 | Lair:1   | Entered Level 1 of the Lair of Beasts
  8842 | Lair:1   | Identified the +2 long sword of the Arena {flame, Will-
                  | Int+4 Dex+2}
  9031 | Lair:1   | Noticed a death yak
  9031 | Lair:1   | Noticed a death yak
  9048 | Lair:1   | Killed a death yak
  9050 | Lair:1   | Killed a death yak
  9226 | Lair:2   | Reached skill level 11 in Long Blades
  9371 | Lair:2   | Noticed a boulder beetle
  9379 | Lair:2   | Killed a boulder beetle
  9435 | Lair:2   | Identified a scroll of acquirement
  9435 | Lair:2   | Acquired the +1 pair of gloves of Cocytus {Will+ Int+2}
  9513 | Lair:2   | Reached XP level 13. HP: 87/104 MP: 18/18
  9736 | Lair:2   | Reached skill level 5 in Evocations
  9751 | Lair:3   | Found a transporter.
  9779 | Lair:3   | Reached skill level 12 in Long Blades
  9811 | Lair:3   | Reached skill level 13 in Long Blades
  9860 | Lair:3   | Found a hole to the Spider Nest.
 10131 | Lair:3   | Found a staircase to the Swamp.
 10585 | Lair:5   | Identified the "Genlath"
 10585 | Lair:5   | Entered Level 5 of the Lair of Beasts
 10733 | Lair:5   | Reached skill level 14 in Long Blades
 10736 | Lair:5   | Reached skill level 5 in Spellcasting
 10767 | Lair:5   | Found a staircase to the Slime Pits.
 10814 | Lair:5   | Reached XP level 14. HP: 105/111 MP: 16/21
 10818 | Lair:5   | Reached skill level 10 in Invocations
 11583 | Orc:1    | Entered Level 1 of the Orcish Mines
 11591 | Orc:1    | Noticed Jorgrun
 11671 | D:9      | Killed Jorgrun
 11898 | Orc:2    | Entered Level 2 of the Orcish Mines
 12190 | Orc:2    | Found a staircase to the Elven Halls.
 12299 | Orc:2    | Reached skill level 15 in Dodging
 12496 | Orc:2    | Found Mackevorpho's Weapon Shop.
 12496 | Orc:2    | Found Ihiy's Armour Boutique.
 12503 | Orc:2    | Found Ymaolaakh's Antique Weapon Shop.
 12503 | Orc:2    | Found Laret's Book Boutique.
 12731 | D:13     | Found a gate to the Vaults.
 12874 | D:13     | Found the +4 robe of Folly {Brill Will-∞ Int+8}
 12888 | D:13     | Reached XP level 15. HP: 123/123 MP: 24/24
 13365 | D:14     | Reached skill level 1 in Armour
 13435 | D:14     | Learned a level 2 spell: Blink
 13453 | D:14     | Found a basalt altar of Yredelemnul.
 13471 | D:14     | Noticed Josephine
 13474 | D:14     | Killed Josephine
 13670 | D:14     | Noticed Agnes
 13682 | D:14     | Killed Agnes
 13714 | D:14     | You fall into a shaft and drop 1 floor!
 13714 | D:15     | Entered Level 15 of the Dungeon
 13865 | D:15     | Found a staircase to the Depths.
 14045 | D:15     | Found a runed translucent door.
 14046 | D:15     | Identified the +1 trident of Wer Qymn {freeze, Dex+3}
 14049 | D:15     | Noticed Yjerus's ghost (adept MiAK)
 14259 | D:15     | Identified the amulet of Vyqaatal {Reflect Harm Dex+4 SH+5}
 14694 | Lair:3   | Paralysed by a hornet for 3 turns
 14850 | Orc:2    | Bought a +0 scale mail of poison resistance for 120 gold
                  | pieces
 14996 | D:12     | Bought a scarf of resistance for 512 gold pieces
 15138 | Spider:1 | Entered Level 1 of the Spider Nest
 15277 | Spider:1 | Killed a ghost moth
 15305 | Spider:1 | Reached skill level 15 in Long Blades
 15421 | Spider:1 | Identified the serpent talisman "Abixkas" {Fly Dex+2
                  | Stlth+}
 15421 | Spider:1 | Noticed Aizul
 15441 | Spider:1 | Reached XP level 16. HP: 68/133 MP: 15/25
 15448 | Spider:1 | Killed Aizul
 15626 | Spider:1 | Identified the ring of Ozxob {Ice Will+ Str+4}
 15781 | Spider:2 | Noticed Arachne
 15906 | Spider:2 | Noticed Mlioglotl
 15968 | Spider:2 | Killed Mlioglotl
 16037 | Spider:2 | Reached skill level 5 in Armour
 16125 | Spider:2 | Reached skill level 16 in Long Blades
 16164 | Spider:2 | Reached skill level 15 in Fighting
 16533 | Spider:2 | Killed Arachne
 17087 | Spider:3 | Reached XP level 17. HP: 139/144 MP: 17/26
 17251 | Spider:4 | Entered Level 4 of the Spider Nest
 17800 | Spider:4 | Got a gossamer rune of Zot
 18009 | Swamp:1  | Entered Level 1 of the Swamp
 18148 | Vaults:1 | Entered Level 1 of the Vaults
 18506 | Vaults:1 | Reached XP level 18. HP: 157/157 MP: 16/28
 18939 | Vaults:1 | Reached skill level 17 in Long Blades
 19232 | Vaults:2 | Identified the +5 ring mail of Gaofolid {Int+2 Dex+3}
 19736 | Vaults:2 | Noticed Saint Roka
 19752 | Vaults:2 | Killed Saint Roka
 19771 | Vaults:2 | Paralysed by a formless jellyfish for 1 turns
 19799 | Vaults:2 | Reached skill level 1 in Translocations
 20459 | Vaults:3 | Reached XP level 19. HP: 41/165 MP: 7/30
 20783 | Vaults:3 | Identified the +2 robe of Discretion {rPois Str-3 Int+3
                  | Dex+3 Archmagi}
 20895 | Vaults:3 | Found a staircase to the Crypt.
 21085 | WizLab   | Identified the "Naucolog"
 21107 | Vaults:4 | Reached skill level 18 in Long Blades
 21221 | Vaults:4 | Found a magical portal.
 21237 | WizLab   | Entered Doroklohe's Tomb
 21364 | WizLab   | Noticed a dread lich
 21381 | WizLab   | Noticed an Ice Fiend
 21598 | WizLab   | Noticed a Brimstone Fiend
 21604 | WizLab   | Gained mutation: You sometimes lose your temper in combat.
                  | [a cacodemon]
 21607 | WizLab   | Killed a dread lich
 21651 | WizLab   | Lost mutation: You sometimes lose your temper in combat.
                  | [potion of mutation]
 21651 | WizLab   | Gained mutation: Your mind is acute. (Int +4, Str/Dex -1)
                  | [potion of mutation]
 21651 | WizLab   | Gained mutation: You are covered in fur. (AC +1) [potion of
                  | mutation]
 21727 | WizLab   | Identified the +4 plate armour of Love and Death {rPois
                  | rF++ rC+ Dex-2 Slay+2}
 22109 | Vaults:4 | Reached skill level 5 in Translocations
 22210 | Vaults:4 | Noticed Xtahua
 22225 | Vaults:4 | Killed Xtahua
 23002 | Vaults:5 | Identified the "Kod Ozebudi"
 23002 | Vaults:5 | Identified the "Jucle Dig"
 23002 | Crypt:2  | Identified the "Yzxauj Uvuem"
 23002 | Crypt:3  | Identified the of Ushog
 23002 | Crypt:3  | Identified the of Okhiq
 23002 | Depths:3 | Identified the of Pegant
 23002 | Desolati | Identified the "Niqaec"
 23002 | Desolati | Identified the "Geyvei"
 23002 | Elf:1    | Entered Level 1 of the Elven Halls
 23192 | Elf:1    | Reached XP level 20. HP: 176/176 MP: 19/31
 23226 | Elf:1    | You fall into a shaft and drop 1 floor!
 23388 | Elf:2    | Learned a level 4 spell: Passage of Golubria
 23460 | Elf:2    | Found a runed translucent gate.
 23462 | Elf:2    | Found a runed translucent gate.
 23462 | Elf:2    | Found a runed translucent gate.
 23563 | Elf:2    | Paralysed by an air elemental for 1 turns
 23741 | Elf:1    | Found Vuogog's Weapon Shop.
 23877 | Elf:1    | Identified the +7 rapier of Gluttony {chaos, *Slow rC+
                  | rN+++ Dex+3}
 24112 | Elf:1    | Learned a level 5 spell: Freezing Cloud
 24186 | Elf:1    | Reached skill level 1 in Air Magic
 24220 | Elf:1    | Found a runed translucent gate.
 24220 | Elf:1    | Found a runed translucent gate.
 24220 | Elf:1    | Found a runed translucent gate.
 24220 | Elf:1    | Found a runed translucent gate.
 24220 | Elf:1    | Found a runed translucent gate.
 24222 | Elf:1    | Found a runed translucent gate.
 24352 | Elf:1    | Found a shimmering blue altar of Sif Muna.
 24368 | Elf:3    | Entered Level 3 of the Elven Halls
 24635 | Elf:3    | Reached skill level 1 in Conjurations
 24647 | Elf:2    | Identified the +6 trident "Xithergha" {freeze, *Noise rPois
                  | Dex+2}
 24850 | Elf:3    | Paralysed by an air elemental for 1 turns
 24871 | Elf:3    | Found Wopsuj's Book Shoppe.
 24881 | Elf:3    | Found Iffim's Assorted Antiques.
 25166 | Abyss:2  | Cast into level 2 of the Abyss (a deep elf sorcerer)
 25456 | Abyss:2  | Noticed a dread lich
 25481 | Elf:3    | Escaped the Abyss
 25502 | Elf:3    | Reached XP level 21. HP: 167/183 MP: 3/32
 25754 | Elf:3    | Identified the +11 rapier of the Hall of Blades {flame,
                  | rC+++ rCorr Str+3 Int-2}
 25858 | Elf:3    | Reached skill level 5 in Air Magic
 25939 | Elf:3    | Identified the +7 whip of Scorn {freeze, rN++ Int+3 Dex+3}
 26318 | Swamp:1  | Reached skill level 10 in Ice Magic
 27346 | Swamp:3  | Reached skill level 5 in Conjurations
 27652 | Swamp:4  | Entered Level 4 of the Swamp
 27702 | Swamp:4  | Identified the +7 long sword "X" {pain, Str+3}
 27836 | Swamp:4  | Noticed the 27-headed Lernaean hydra
 27878 | Swamp:4  | Killed the 27-headed Lernaean hydra
 27913 | Swamp:4  | Got a decaying rune of Zot
 27949 | Swamp:4  | Identified the +0 helmet of Vunwy {rElec rPois MP-9 Stlth+}
 28156 | Swamp:4  | Identified the +8 trident of Tiagicro {freeze, rF++ Int+3}
 28522 | Depths:1 | Entered Level 1 of the Depths
 28554 | Depths:1 | Found Isasuep's Magic Scroll Shop.
 28557 | Depths:1 | Found Wuxu's Assorted Antiques.
 28559 | Depths:1 | Found Seeces's Armour Shop.
 28571 | Depths:1 | Bought a scroll of acquirement for 728 gold pieces
 28571 | Depths:1 | Acquired a +2 demon blade of electrocution
 28577 | Depths:1 | Bought a scroll of blinking for 315 gold pieces
 28579 | Depths:1 | Bought a scroll of enchant armour for 105 gold pieces
 28579 | Depths:1 | Bought a scroll of revelation for 105 gold pieces
 28579 | Depths:1 | Bought a scroll of revelation for 105 gold pieces
 28767 | Depths:1 | Identified the +3 plate armour of Dityps {Dex+3}
 28808 | Depths:1 | Reached XP level 22. HP: 164/190 MP: 17/34
 28821 | Depths:1 | Found a broken altar of Ashenzari.
 29050 | Depths:1 | Found a gateway to Hell.
 29184 | Depths:2 | Found a one-way gate leading to the halls of Pandemonium.
 29302 | Depths:2 | Noticed Grunn
 29339 | Depths:2 | Killed Grunn
 29448 | Depths:2 | Found Vep Koli's Jewellery Shop.
 29464 | Depths:2 | Found Onuen's Book Shoppe.
 29465 | Depths:2 | Found Cifana's Jewellery Shop.
 29476 | Depths:2 | Bought a book of Alchemy for 532 gold pieces
 29483 | Depths:2 | Learned a level 5 spell: Irradiate
 29503 | Depths:2 | Reached skill level 1 in Transmutations
 29691 | Depths:2 | Noticed the Enchantress
 29709 | Depths:2 | Killed the Enchantress
 29848 | Depths:2 | Found Xouhuija's Armour Emporium.
 29873 | Depths:2 | You are sucked into a shaft and drop 2 floors!
 29873 | Depths:4 | Entered Level 4 of the Depths
 30017 | Depths:4 | Reached skill level 5 in Transmutations
 30115 | Depths:4 | Noticed a golden dragon
 30124 | Depths:4 | Killed a golden dragon
 30125 | Depths:4 | Reached skill level 10 in Spellcasting
 30507 | Depths:4 | Found a gate to the Realm of Zot.
 30797 | Depths:2 | Found a corrupted altar of Lugonu.
 30830 | Depths:2 | Reached XP level 23. HP: 143/196 MP: 19/38
 30863 | Depths:2 | Found a one-way gate to the infinite horrors of the Abyss.
 31011 | Depths:3 | Noticed a golden dragon
 31015 | Depths:3 | Noticed a golden dragon
 31029 | Depths:3 | Found the +7 sceptre of Torment {pain, torment}
 31185 | Depths:3 | Found a one-way gateway to a ziggurat.
 31305 | Depths:3 | Killed a golden dragon
 31306 | Depths:3 | Reached skill level 19 in Long Blades
 31482 | Depths:3 | Killed a golden dragon
 31539 | Depths:3 | Identified the ring of Leaves {Will+ Int+6}
 31764 | Depths:3 | Found a stormy altar of Qazlal.
 31827 | Depths:3 | Found a portal to a secret trove of treasure.
 32583 | Zot:2    | Identified the "Futwar"
 32583 | Slime:1  | Entered Level 1 of the Pits of Slime
 32638 | Slime:1  | You are sucked into a shaft and drop 1 floor!
 33515 | Slime:5  | Identified the "Vugh"
 33515 | Slime:5  | Entered Level 5 of the Pits of Slime
 33518 | Slime:5  | Gained mutation: [You are weak. (Str -2)] [a shining eye]
 33520 | Slime:5  | Reached skill level 20 in Long Blades
 33535 | Slime:5  | Reached XP level 24. HP: 206/206 MP: 31/40
 33548 | Slime:5  | Reached skill level 10 in Evocations
 33787 | Slime:5  | Found a viscous altar of Jiyva.
 33809 | Slime:5  | Noticed the Royal Jelly
 33843 | Slime:5  | Killed the Royal Jelly
 33939 | Slime:5  | Identified the +9 dagger of Subjectivity {flame, Int+4}
 33940 | Slime:5  | Identified the +1 helmet of Classification {Slay+6}
 33968 | Slime:5  | Got a slimy rune of Zot
 33982 | Slime:5  | Identified the ring of Nuanwaos {rC++ Will- Int+4 Dex+6}
 34069 | Slime:5  | Identified the +3 flail "Toantout" {freeze, rPois rC-
                  | Dex+3}
 34758 | Vaults:5 | Entered Level 5 of the Vaults
 34758 | Vaults:5 | Noticed Sojobo
 34770 | Vaults:4 | Killed Sojobo
 35199 | Vaults:4 | Reached skill level 21 in Long Blades
 35216 | Vaults:5 | Noticed Mara
 35280 | Vaults:5 | Noticed 2sma's illusion
 35363 | Vaults:4 | Noticed 2sma's illusion
 35364 | Vaults:4 | Killed Mara
 35403 | Vaults:5 | Noticed a dread lich
 35457 | Vaults:4 | Paralysed by something for 5 turns
 35467 | Vaults:4 | Killed a dread lich
 35799 | Vaults:5 | Identified the +5 scale mail "Tiagiena" {rPois Dex+3
                  | Stlth+}
 36013 | Vaults:5 | Reached skill level 22 in Long Blades
 36236 | Vaults:5 | Reached XP level 25. HP: 107/214 MP: 19/40
 36292 | Vaults:5 | Identified the +10 hand axe of the Gloaming {distort, rF+
                  | Int+3}
 36408 | Vaults:5 | Got a silver rune of Zot
 36472 | Vaults:5 | Identified the +8 sling of Ofaytrughi {flame, *Corrode
                  | rPois rC+ Stlth+}
 36487 | Vaults:5 | Identified the +9 mace of the Unkillable {speed, rF+}
 36505 | Vaults:5 | Identified the +10 whip of Yteor {heavy, rPois Int+2}
 36630 | Vaults:5 | Found the +10 dark maul {heavy}
 36669 | Vaults:5 | Noticed a dread lich
 36685 | Vaults:5 | Killed a dread lich
 36716 | Vaults:5 | Reached skill level 10 in Armour
 37226 | Zot:1    | Entered Level 1 of the Realm of Zot
 37262 | Zot:1    | Learned a level 9 spell: Polar Vortex
 37955 | Zot:2    | Noticed an orb of fire
 37970 | Zot:2    | Gained mutation: You occasionally lose the ability to read
                  | scrolls when taking damage. [an orb of fire]
 37971 | Zot:2    | Gained mutation: Armour fits poorly on your strangely
                  | shaped body. [an orb of fire]
 37972 | Zot:2    | Killed an orb of fire
 37974 | Zot:2    | Lost mutation: [You are weak. (Str -2)] [potion of
                  | mutation]
 37974 | Zot:2    | Lost mutation: You are covered in fur. (AC +1) [potion of
                  | mutation]
 37974 | Zot:2    | Lost mutation: Armour fits poorly on your strangely shaped
                  | body. [potion of mutation]
 37974 | Zot:2    | Gained mutation: You have a pair of small horns on your
                  | head. [potion of mutation]
 37974 | Zot:2    | Gained mutation: You have a somewhat thin skeletal
                  | structure. (Dex +2, Stealth+) [potion of mutation]
 37974 | Zot:2    | Gained mutation: You expend magic power (3 MP) to
                  | strengthen your wands. [potion of mutation]
 37975 | Zot:2    | Lost mutation: You occasionally lose the ability to read
                  | scrolls when taking damage. [potion of mutation]
 37975 | Zot:2    | Lost mutation: You have a somewhat thin skeletal structure.
                  | (Dex +2, Stealth+) [potion of mutation]
 37975 | Zot:2    | Lost mutation: You expend magic power (3 MP) to strengthen
                  | your wands. [potion of mutation]
 37975 | Zot:2    | Gained mutation: Your muscles are strong. (Str +4, Int/Dex
                  | -1) [potion of mutation]
 37975 | Zot:2    | Gained mutation: Your magical capacity is low. (-10% MP)
                  | [potion of mutation]
 38176 | Zot:2    | Found the +4 dragonskin cloak
 38176 | Zot:2    | Noticed Tiamat
 38228 | Zot:2    | Killed Tiamat
 38240 | Zot:2    | Lost mutation: Your magical capacity is low. (-10% MP)
                  | [potion of mutation]
 38240 | Zot:2    | Lost mutation: Your muscles are strong. (Str +4, Int/Dex
                  | -1) [potion of mutation]
 38240 | Zot:2    | Lost mutation: Your mind is acute. (Int +4, Str/Dex -1)
                  | [potion of mutation]
 38240 | Zot:2    | Gained mutation: Your spells are a little harder to cast,
                  | but a little more powerful. [potion of mutation]
 38240 | Zot:2    | Gained mutation: You are frail. (-10% HP) [potion of
                  | mutation]
 38240 | Zot:2    | Gained mutation: You sometimes lose your temper in combat.
                  | [potion of mutation]
 38240 | Zot:2    | Gained mutation: You passively dampen the noise of your
                  | surroundings. [potion of mutation]
 38241 | Zot:2    | Lost mutation: You have a pair of small horns on your head.
                  | [potion of mutation]
 38241 | Zot:2    | Lost mutation: You passively dampen the noise of your
                  | surroundings. [potion of mutation]
 38241 | Zot:2    | Lost mutation: You are frail. (-10% HP) [potion of
                  | mutation]
 38241 | Zot:2    | Gained mutation: Your magical capacity is low. (-10% MP)
                  | [potion of mutation]
 38241 | Zot:2    | Gained mutation: Your flesh is cold resistant. (rC+)
                  | [potion of mutation]
 38241 | Zot:2    | Gained mutation: You expend magic power (3 MP) to
                  | strengthen your wands. [potion of mutation]
 38241 | Zot:2    | Gained mutation: You are partially covered in large bone
                  | plates. (SH +4) [potion of mutation]
 38243 | Zot:2    | Lost mutation: You expend magic power (3 MP) to strengthen
                  | your wands. [potion of mutation]
 38243 | Zot:2    | Lost mutation: Your flesh is cold resistant. (rC+) [potion
                  | of mutation]
 38243 | Zot:2    | Gained mutation: Your magical capacity is very low. (-20%
                  | MP) [potion of mutation]
 38243 | Zot:2    | Gained mutation: You expend magic power (3 MP) to
                  | strengthen your wands. [potion of mutation]
 38244 | Zot:2    | Lost mutation: You sometimes lose your temper in combat.
                  | [potion of mutation]
 38244 | Zot:2    | Lost mutation: Your spells are a little harder to cast, but
                  | a little more powerful. [potion of mutation]
 38244 | Zot:2    | Lost mutation: You are partially covered in large bone
                  | plates. (SH +4) [potion of mutation]
 38244 | Zot:2    | Lost mutation: You expend magic power (3 MP) to strengthen
                  | your wands. [potion of mutation]
 38244 | Zot:2    | Gained mutation: [You occasionally lose the ability to
                  | drink potions when taking damage.] [potion of mutation]
 38244 | Zot:2    | Gained mutation: Your muscles are strong. (Str +4, Int/Dex
                  | -1) [potion of mutation]
 38244 | Zot:2    | Gained mutation: Your muscles are very strong. (Str +8,
                  | Int/Dex -2) [potion of mutation]
 38813 | Zot:3    | Noticed a Killer Klown
 38885 | Zot:3    | Noticed an orb of fire
 38900 | Zot:3    | Killed an orb of fire
 38901 | Zot:3    | Reached skill level 23 in Long Blades
 38901 | Zot:3    | Reached XP level 26. HP: 202/222 MP: 22/33
 38946 | Zot:3    | Killed a Killer Klown
 39258 | Zot:3    | Reached skill level 1 in Shapeshifting
 39390 | Zot:3    | Reached skill level 5 in Shapeshifting
 39761 | Zot:5    | Entered Level 5 of the Realm of Zot
 39785 | Zot:5    | Reached skill level 10 in Shapeshifting
 39842 | Zot:2    | Noticed an orb of fire
 39843 | Zot:2    | Gained mutation: [You are clumsy. (Dex -2)] [an orb of
                  | fire]
 39847 | Zot:2    | Gained mutation: You sometimes lose your temper in combat.
                  | [an orb of fire]
 39859 | Zot:2    | Gained mutation: You are frail. (-10% HP) [an orb of fire]
 39861 | Zot:2    | Killed an orb of fire
 40050 | Depths:3 | You paid a toll of +3 gold dragon scales to enter a
                  | treasure trove
 40051 | Trove    | Entered a treasure trove
 40061 | Trove    | Identified the ring "Jiehil" {Ice rElec}
 40063 | Trove    | Identified the ring of the Everdark {rElec rN+}
 40067 | Trove    | Identified the ring of Contentment {rCorr Int+4}
 40069 | Trove    | Identified the amulet "Qameth" {RegenMP Str+3}
 40077 | Trove    | Identified the amulet "Fuibes" {Spirit rN+ Int+6 Slay-3}
 40079 | Trove    | Identified the ring of Vijac {*Corrode rN+ Str+5 Dex+4}
 40080 | Trove    | Identified the amulet "Goig" {RegenMP Str+3}
 40084 | Trove    | Identified the ring of Bupniuwk {rN+ Int+3}
 40248 | Depths:2 | Voluntarily entered the Abyss.
 40316 | Abyss:2  | Found a corrupted altar of Lugonu.
 40507 | Abyss:3  | Found a corrupted altar of Lugonu.
 40508 | Abyss:3  | Found a corrupted altar of Lugonu.
 40508 | Abyss:3  | Found a corrupted altar of Lugonu.
 40574 | Abyss:4  | Found a corrupted altar of Lugonu.
 40587 | Abyss:4  | Found a basalt altar of Yredelemnul.
 40907 | Abyss:5  | Gained mutation: Armour fits poorly on your strangely
                  | shaped body. [a cacodemon]
 40931 | Abyss:6  | Identified the "Kaidghiac"
 40931 | Abyss:6  | Identified the "Xitudo"
 40931 | Abyss:6  | Identified the "Vuyp"
 40931 | Abyss:6  | Identified the of Cuix Tae
 40931 | Abyss:6  | Identified the "Ziuc"
 40931 | Abyss:6  | Identified the "Ulimunis"
 40931 | Abyss:6  | Identified the "Eddaor"
 40931 | Abyss:6  | Identified the of Vute
 40931 | Abyss:6  | Identified the of Doentom
 41003 | Abyss:6  | Found a shimmering altar of Xom.
 41003 | Abyss:6  | Found a shimmering altar of Xom.
 41003 | Abyss:6  | Found a shimmering altar of Xom.
 41003 | Abyss:6  | Found a shimmering altar of Xom.
 41003 | Abyss:6  | Found a shimmering altar of Xom.
 41003 | Abyss:6  | Found a shimmering altar of Xom.
 41003 | Abyss:6  | Found a corrupted altar of Lugonu.
 41003 | Abyss:6  | Found a shimmering altar of Xom.
 41003 | Abyss:6  | Found a shimmering altar of Xom.
 41003 | Abyss:6  | Found a shimmering altar of Xom.
 41003 | Abyss:6  | Found a shimmering altar of Xom.
 41003 | Abyss:6  | Found a shimmering altar of Xom.
 41003 | Abyss:6  | Found a shimmering altar of Xom.
 41003 | Abyss:6  | Found a shimmering altar of Xom.
 41026 | Abyss:6  | Found a shimmering altar of Xom.
 41026 | Abyss:6  | Found a shimmering altar of Xom.
 41027 | Abyss:6  | Found a corrupted altar of Lugonu.
 41027 | Abyss:6  | Found a shimmering altar of Xom.
 41066 | Abyss:6  | Found a shimmering altar of Xom.
 41066 | Abyss:6  | Found a shimmering altar of Xom.
 41069 | Abyss:6  | Found a shimmering altar of Xom.
 41070 | Abyss:6  | Found a shimmering altar of Xom.
 41138 | Abyss:6  | Reached skill level 15 in Shapeshifting
 41153 | Abyss:6  | Reached XP level 27. HP: 57/182 MP: 20/33
 41236 | Depths:2 | Escaped the Abyss
 41318 | Depths:2 | Voluntarily entered the Abyss.
 41393 | Abyss:6  | HP: 6/205 [spatial maelstrom (12)]
 41399 | Abyss:6  | HP: 10/205 [smoke demon/divine providence (15)]
 41435 | Abyss:6  | Gained mutation: You have an uncontrollable temper. [a
                  | neqoxec]
 41487 | Abyss:6  | Reached skill level 24 in Long Blades
 41551 | Abyss:7  | Entered Level 7 of the Abyss
 41566 | Abyss:7  | Gained mutation: You do not regenerate when monsters are
                  | visible. [a neqoxec]
 41573 | Abyss:7  | HP: 7/205 [rock wall collision (5)]
 41574 | Abyss:7  | HP: 1/205 [starcursed mass/accursed screaming (6)]
 41578 | Abyss:7  | Paralysed by accursed screaming for 1 turns
 41580 | Abyss:7  | Paralysed by accursed screaming for 1 turns
 41580 | Abyss:7  | HP: 9/205 [starcursed mass (2)]
 41580 | Abyss:7  | Mangled by a tentacled starspawn

Illustrated notes

Levels and vault maps discovered:
D:1:      ebering_trefoil_twist, layout_basic, minmay_octomino_c4
D:2:      layout_loops_corners, serial_shops, shop
D:3:      layout_basic, mainiacjoe_overflow_catwalk_spiral,
          ebering_ecumenical_altar_petrified, gammafunk_ghost_split
D:4:      layout_gridville, trog_ov_bears_minmay,
          nicolae_tso_swordbearing_angel, minmay_temple_entry_grid,
          uniq_menkaure, uniq_sigmund, uniq_pikel
D:5:      layout_cave_pods, mainiacjoe_overflow_alcove_2, st_stairs_14,
          kennysheep_windowed_goal
D:6:      layout_rooms, gammafunk_ghost_cemetery,
          hangedman_abyss_or_decor_stabs, uniq_grinder
D:7:      layout_loops_cross, old_standard_altar, nicolae_ossuary_entry_plus,
          minmay_misc_feat_square
D:8:      layout_layer_cave, lightli_bailey_entry_fortress, serial_bayou_pond_a
D:9:      layout_loops_ring, hiddenorc2_lemuel, chequers_big_river
D:10:     layout_rooms, kennysheep_little_box, hangedman_abyss_or_decor_stagger,
          minmay_holes
D:11:     layout_loops_cross, hellmonk_lair_entry_icy
D:12:     layout_gridville, portal_ice_cave_rime,
          nicolae_shop_sticking_my_neck_out, uniq_nergalle
D:13:     layout_cave_pools, david_vaults_2, grunt_decor_mini_mirrors,
          drop_trap, nicolae_hexahallways, nicolae_shop_i_like_small_books_too,
          hive_lemuel
D:14:     layout_loops_ring, yredelemnul_altar_generic, serial_glass,
          glass_columns_a, glass_columns_b, uniq_agnes, uniq_josephine
D:15:     grunt_enter_depths_snipers, layout_gridville,
          ebering_ghost_funeral_grove, minivault_11, gauntlet_entry_generic,
          lightli_corner_chamber
Temple:   bh_familiar_temple
Lair:1:   layout_layer_cave, serial_bayou, serial_bayou_shore_b,
          serial_bayou_lagoon_a, serial_bayou_pond_c, serial_bayou_ford_a,
          serial_bayou_lake_a, serial_bayou_shore_a, disabler_island,
          uniq_jeremiah
Lair:2:   layout_cave_pods, special_room [special_room_bee],
          serial_bayou_pond_c, serial_bayou_pond_b, uniq_amaemon
Lair:3:   layout_gridlike, mainiacjoe_swamp_entry_lozenge_pond,
          spider_nest_entry_webs, gammafunk_ghost_berserking_beasts,
          nzn_sisyphean_effort
Lair:4:   layout_gridlike
Lair:5:   minmay_lair_end_enchanted_forest, layout_long_grid, slime_entry_1,
          grunt_megastairs_3
Swamp:1:  layout_falls_marsh, evilmike_swamp_ruin_rubble_2
Swamp:2:  layout_basic_swamp, wheals_swamp_sinkhole, infiniplex_staircase_pool
Swamp:3:  layout_basic_swamp, nicolae_swamp_round_clearing,
          infiniplex_staircase_pool_2
Swamp:4:  grunt_swamp_rune_castle, layout_basic_swamp
Spider:1: layout_spider_delve, worms_lemuel, uniq_aizul
Spider:2: spiders_nest_a, nicolae_arachne_temple, uniq_mlioglotl, uniq_arachne
Spider:3: layout_chambers
Spider:4: grunt_spider_rune_parallel, gammafunk_ghost_cemetery
Slime:1:  layout_caves
Slime:2:  nicolae_slime_pool, layout_caves
Slime:3:  layout_caves, nicolae_slime_round_cave
Slime:4:  layout_caves
Slime:5:  slime_pit_nicolae_jellycorners
Orc:1:    layout_caves, uniq_jorgrun
Orc:2:    st_orc_mages, layout_caves
Elf:1:    nicolae_elf_arrival_no_cutting_in_line, layout_loops_corners,
          portal_desolation_entry_garden, serial_shops, shop, orc_legates,
          lemuel_upstairs_altar
Elf:2:    nicolae_elf_blades_crystal_corner, layout_loops_cross, special_room
          [special_room_orc]
Elf:3:    minmay_elf_hall_statues, layout_gridlike, serial_shops,
          nicolae_shop_tiny_glass, nicolae_shop_just_a_little_nook,
          nicolae_elf_deep_mausoleum
Vaults:1: nicolae_vaults_tangram_2, vaults_room_octagon, st_squares,
          nicolae_vaults_tetromino_Z_1, nicolae_vaults_ring_of_whatevers,
          layout_vaults_omnigrid
Vaults:2: serial_ice_m, ontoclasm_vaults_ring_square,
          nicolae_vaults_yaktaur_gun_rack, grunt_vaults_trifunnel, v_rooms_1,
          v_alt_pattern_2, hangedman_vaults_restitches,
          nicolae_vaults_diamond_2, serial_library_hellmonk_semicircle,
          nicolae_vaults_house_3, v_rooms_4, layout_vaults_maze_snakey,
          uniq_saint_roka
Vaults:3: blue_anna_dwarven_crypt, nicolae_vaults_stepped_doors,
          nicolae_vaults_more_shelving_2, nicolae_vaults_closet_pinwheel_3,
          v_pattern_2, nicolae_vaults_ring_of_whatevers,
          nicolae_vaults_little_squares_4, nicolae_vaults_gold_heap,
          vaults_dpeg_hooks, layout_vaults_chaotic_city
Vaults:4: infiniplex_enter_wizlab_water, vaults_room_pools,
          nicolae_vaults_closet_pinwheel_3, v_misc_33, v_misc_24,
          grunt_vaults_diagonal, nicolae_vaults_six-pack,
          nicolae_vaults_wine_cellar, nicolae_vaults_frosty_reception,
          vaults_standard_mumra_enter_the_diamond, hangedman_vaults_impose,
          vaults_room_door_ring, nicolae_vaults_library_corner,
          layout_vaults_big_cross, uniq_xtahua
Vaults:5: serial_shops, uniq_sojobo, uniq_mara
Depths:1: layout_gridville, hell_entry, evilmike_ruin_ashenzari,
          corner_web_ring, minivault_12, minmay_shop_star
Depths:2: minmay_glassy_protrusions, layout_basic, serial_rivers,
          chequers_serial_rivers_room_b, chequers_serial_rivers_micro_b,
          chequers_serial_rivers_small_b, chequers_serial_rivers_small_a,
          serial_shops, shop, hell_entry, abyss_entry_flame_altar,
          grunt_pan_entry_spiral, infiniplex_staircase_pool_1,
          minmay_shop_grove, uniq_grunn, uniq_josephina, uniq_enchantress
Depths:3: minmay_the_grid_square_5x5_4x4 [minmay_the_grid_square_5x5_shrine2,
          minmay_the_grid_square_5x5_trominoes,
          minmay_the_grid_square_5x5_inner_z,
          minmay_the_grid_square_5x5_almost_minimal,
          minmay_the_grid_square_5x5_three_small,
          minmay_the_grid_square_5x5_prize_itemx,
          minmay_the_grid_square_5x5_prize_junk,
          minmay_the_grid_square_5x5_beaten_path,
          minmay_the_grid_square_5x5_inset,
          minmay_the_grid_square_5x5_prize_pseudospiral,
          minmay_the_grid_square_5x5_prize_monsterx,
          minmay_the_grid_square_5x5_one_wall,
          minmay_the_grid_square_5x5_minivault, minmay_the_grid_square_5x5_z,
          minmay_the_grid_square_5x5_inner_v,
          minmay_the_grid_square_5x5_gyroscope], layout_basic, enter_ziggurat_b,
          nicolae_trove_entry_path_of_doom, kennysheep_cross_room, pan_entry,
          hell_entry, minmay_room_of_horrors, grunt_qazlal_clouds,
          firewood_loft, serial_bayou_shore_b
Depths:4: evilmike_zot_entry_diamond, layout_gridlike, grunt_hell_entry_dis_mu,
          ebering_dispersal_statue_hall, grunt_megastairs_2
Zot:1:    layout_twisted_circle
Zot:2:    layout_concentric_octagons, skrybe_zot_glass_1, uniq_tiamat
Zot:3:    layout_onion_interference, st_stairs_1, skrybe_zot_glass_2
Zot:4:    layout_misc_corridors, regret_index_zotdec_icy_dp
Zot:5:    layout_basic
Abyss:7:  base: D:2, base: Orc:1, guppyfry_abyss_exit_spiral_guarded,
          abyss_greek_temple, evilmike_abyss_rune_ettins, due_exit_kobolds,
          hangedman_stitches_earthworm

Skill      XL: |  1  2  3  4  5  6  7  8  9 10 11 12 13 14 15 16 17 18 19 20 21 22 23 24 25 26 27 |
---------------+----------------------------------------------------------------------------------+-----
Long Blades    | 4 5 6 7 10 11 14 15 16 17 18 20 22 23 24 | 24.4
Fighting       | 3 4 5 8 9 10 13 14 15 18 19 20 21 | 21.0
Dodging        | 5 6 7 9 11 13 15 16 18 19 20 21 22 | 22.5
Stealth        | 1 3 5 6 7 |  7.0
Invocations    | 1 4 7 9 12 13 | 13.0
Evocations     | 1 3 4 5 6 9 10 | 10.0
Ice Magic      | 3 6 7 9 10 12 | 12.3
Spellcasting   | 1 3 5 6 7 8 11 13 14 | 14.4
Poison Magic   | 4 6 8 |  8.0
Armour         | 3 5 6 9 11 | 11.9
Translocations | 2 5 9 |  9.0
Air Magic      | 4 6 7 |  7.0
Conjurations   | 3 6 8 9 |  9.0
Transmutations | 5 |  5.0
Shapeshifting  | 15 16 | 16.0
Throwing       | |  2.0

Action                     |  1- 3 |  4- 6 |  7- 9 | 10-12 | 13-15 | 16-18 | 19-21 | 22-24 | 25-27 || total
---------------------------+-------+-------+-------+-------+-------+-------+-------+-------+-------++-------
  Melee: Long sword        |    62 |       |   158 |   215 |    15 |       |       |       |       ||   450
         Dagger            |    69 |    91 |   280 |   140 |       |       |       |       |       ||   580
         Punch             |       |     3 |     7 |     3 |       |       |     2 |       |       ||    15
         Great sword       |       |       |       |   341 |   635 |   796 |  1059 |  1190 |   131 ||  4152
         Tailslap          |       |       |       |     7 |     3 |    25 |    45 |       |       ||    80
         Rapier            |       |       |       |       |       |       |    35 |       |       ||    35
         Triple sword      |       |       |       |       |       |       |    34 |   109 |   999 ||  1142
         Headbutt          |       |       |       |       |       |       |       |       |    29 ||    29
  Throw: Throwing net      |       |       |       |     1 |       |       |       |       |       ||     1
   Cast: Frozen Ramparts   |       |       |       |     5 |    12 |    13 |     8 |       |       ||    38
         Olgreb's Toxic Ra |       |       |       |       |    99 |   132 |   120 |    65 |     4 ||   420
         Blink             |       |       |       |       |       |       |     1 |       |       ||     1
         Passage of Golubr |       |       |       |       |       |       |     2 |       |       ||     2
         Freezing Cloud    |       |       |       |       |       |       |    14 |    57 |    44 ||   115
 Invoke: Bend Time         |       |       |       |       |     5 |     7 |    11 |    22 |    17 ||    62
         Temporal Distorti |       |       |       |       |     2 |     3 |       |       |     1 ||     6
         Step From Time    |       |       |       |       |       |     2 |     4 |     3 |     1 ||    10
         Slouch            |       |       |       |       |       |     5 |    13 |     6 |     7 ||    31
  Evoke: Wand              |       |       |     2 |     7 |     3 |     8 |    14 |     5 |     5 ||    44
         Tin of tremorston |       |       |       |       |       |     2 |     2 |     2 |     4 ||    10
         Sack of spiders   |       |       |       |       |       |     1 |       |     1 |     2 ||     4
    Use: Scroll            |       |     7 |     5 |    17 |     6 |     3 |     9 |    10 |    14 ||    71
         Potion            |       |     1 |       |     3 |     5 |     6 |     9 |    10 |    36 ||    70
   Stab: Sleeping          |       |       |     8 |    24 |    15 |     4 |    10 |     7 |     6 ||    74
         Petrified         |       |       |       |     2 |       |       |       |       |       ||     2
         Petrifying        |       |       |       |     1 |       |       |       |       |       ||     1
         Distracted        |       |       |       |       |     1 |     2 |     1 |     4 |     1 ||     9
         Held in net/web   |       |       |       |       |       |     1 |       |       |     1 ||     2
         Invisible         |       |       |       |       |       |       |       |     2 |       ||     2
 Armour: Leather armour    |    80 |    45 |   153 |   302 |   184 |       |       |       |       ||   764
         Troll leather arm |       |       |       |       |   140 |       |       |       |       ||   140
         Scale mail        |       |       |       |       |    40 |   460 |   515 |    88 |       ||  1103
         Acid dragon scale |       |       |       |       |       |       |       |   603 |   114 ||   717
         Plate armour      |       |       |       |       |       |       |       |       |   514 ||   514
  Dodge: Dodged            |   110 |    48 |   233 |   844 |  1122 |  1777 |  1372 |  2099 |  1639 ||  9244
  Block: Other             |       |    21 |    60 |   198 |       |       |    38 |       |       ||   317
         Reflection        |       |       |     2 |     3 |       |       |     1 |       |       ||     6
         Form:             |       |       |       |       |       |       |       |       |     1 ||     1
         Statue            |       |       |       |       |       |       |       |       |     1 ||     1

Table legend: (Time is in decaauts)
 A = Elapsed time spent in this place.
 B = Non-inter-level travel time spent in this place.
 C = Inter-level travel time spent in this place.
 D = Time resting spent in this place.
 E = Time spent auto-exploring this place.
 F = Levels seen in this place.
 G = Mean time per level.
                   A        B        C        D        E       F      G
               +--------+--------+--------+--------+--------+-----+--------+
         Total |  67282 |  56898 |  10384 |    257 |   4728 |  65 | 1035.1 |
       Dungeon |  16727 |  13385 |   3342 |    147 |   3625 |  15 | 1115.1 |
        Temple |     28 |     28 |      0 |      0 |      0 |   1 |   28.0 |
          Lair |   6581 |   4674 |   1907 |      0 |    192 |   5 | 1316.2 |
         Swamp |   2637 |   2244 |    393 |      0 |      0 |   4 |  659.2 |
   Spider Nest |   4919 |   4619 |    300 |      0 |     92 |   4 | 1229.8 |
    Slime Pits |   2859 |   2694 |    165 |      0 |      0 |   5 |  571.8 |
  Orcish Mines |   2036 |   1696 |    340 |      0 |      0 |   2 | 1018.0 |
   Elven Halls |   4601 |   4072 |    529 |      0 |     38 |   3 | 1533.7 |
        Vaults |  10735 |   9248 |   1487 |     56 |    125 |   5 | 2147.0 |
        Depths |   7399 |   6188 |   1211 |      0 |    541 |   4 | 1849.8 |
           Zot |   4478 |   3774 |    704 |      0 |      0 |   5 |  895.6 |
         Abyss |   2308 |   2308 |      0 |     54 |      0 |   8 |  288.5 |
         Trove |    164 |    164 |      0 |      0 |      0 |   1 |  164.0 |
       Ossuary |    470 |    470 |      0 |      0 |    113 |   1 |  470.0 |
        Bailey |    472 |    472 |      0 |      0 |      0 |   1 |  472.0 |
        Wizlab |    861 |    861 |      0 |      0 |      0 |   1 |  861.0 |
               +--------+--------+--------+--------+--------+-----+--------+

Top non-repeatable levels by time:
Vaults:4: 3328 daAuts
   Elf:3: 2387 daAuts
Depths:4: 2124 daAuts
Vaults:3: 2015 daAuts
Vaults:5: 1999 daAuts
Depths:2: 1965 daAuts
Depths:3: 1964 daAuts
    D:13: 1949 daAuts
    D:15: 1913 daAuts
     D:9: 1814 daAuts
Vaults:1: 1765 daAuts
   Zot:2: 1631 daAuts
  Lair:1: 1627 daAuts
Vaults:2: 1627 daAuts
  Lair:5: 1575 daAuts

Table legend: (Time is in decaauts)
 A = Elapsed time spent in this place.
 B = Non-inter-level travel time spent in this place.
 C = Inter-level travel time spent in this place.
 D = Time resting spent in this place.
 E = Time spent auto-exploring this place.
 F = Levels seen in this place.
 G = Mean time per level.
                   A        B        C        D        E       F      G
               +--------+--------+--------+--------+--------+-----+--------+
         Total |  67282 |  56898 |  10384 |    257 |   4728 |  65 | 1035.1 |
       Dungeon |  16727 |  13385 |   3342 |    147 |   3625 |  15 | 1115.1 |
        Temple |     28 |     28 |      0 |      0 |      0 |   1 |   28.0 |
          Lair |   6581 |   4674 |   1907 |      0 |    192 |   5 | 1316.2 |
         Swamp |   2637 |   2244 |    393 |      0 |      0 |   4 |  659.2 |
   Spider Nest |   4919 |   4619 |    300 |      0 |     92 |   4 | 1229.8 |
    Slime Pits |   2859 |   2694 |    165 |      0 |      0 |   5 |  571.8 |
  Orcish Mines |   2036 |   1696 |    340 |      0 |      0 |   2 | 1018.0 |
   Elven Halls |   4601 |   4072 |    529 |      0 |     38 |   3 | 1533.7 |
        Vaults |  10735 |   9248 |   1487 |     56 |    125 |   5 | 2147.0 |
        Depths |   7399 |   6188 |   1211 |      0 |    541 |   4 | 1849.8 |
           Zot |   4478 |   3774 |    704 |      0 |      0 |   5 |  895.6 |
         Abyss |   2308 |   2308 |      0 |     54 |      0 |   8 |  288.5 |
         Trove |    164 |    164 |      0 |      0 |      0 |   1 |  164.0 |
       Ossuary |    470 |    470 |      0 |      0 |    113 |   1 |  470.0 |
        Bailey |    472 |    472 |      0 |      0 |      0 |   1 |  472.0 |
        Wizlab |    861 |    861 |      0 |      0 |      0 |   1 |  861.0 |
               +--------+--------+--------+--------+--------+-----+--------+

Top non-repeatable levels by time:
Vaults:4: 3328 daAuts
   Elf:3: 2387 daAuts
Depths:4: 2124 daAuts
Vaults:3: 2015 daAuts
Vaults:5: 1999 daAuts
Depths:2: 1965 daAuts
Depths:3: 1964 daAuts
    D:13: 1949 daAuts
    D:15: 1913 daAuts
     D:9: 1814 daAuts
Vaults:1: 1765 daAuts
   Zot:2: 1631 daAuts
  Lair:1: 1627 daAuts
Vaults:2: 1627 daAuts
  Lair:5: 1575 daAuts
